 Dungeon Crawl Stone Soup version 0.27.1 (webtiles) character file.

Game seed: 10625287175449209592

8765 MacCMillion the Severer (level 11, -9/86 HPs)
             Began as a Hill Orc Fighter on Aug 30, 2021.
             Was an Elder of Beogh.
             Mangled by a boulder beetle (37 damage)
             ... on level 11 of the Dungeon.
             The game lasted 00:29:41 (12129 turns).

MacCMillion the Severer (Hill Orc Fighter)         Turns: 12129, Time: 00:29:42

Health: -9/86      AC: 14    Str: 23    XL:     11   Next: 36%
Magic:  14/14      EV:  6    Int:  8    God:    Beogh [****..]
Gold:   962        SH: 17    Dex: 10    Spells: 10/10 levels left

rFire    . . .     SeeInvis .   a - +0 war axe (vorpal)
rCold    . . .     Faith    .   c - +0 kite shield
rNeg     . . .     Spirit   .   s - +0 plate armour
rPois    .         Reflect  +   E - +0 helmet
rElec    .         Harm     .   k - +0 cloak
rCorr    +         Rampage  .   (no gloves)
Will     +....                  (no boots)
Stlth    ..........             y - amulet of reflection
HPRegen  0.24/turn              u - ring of willpower
MPRegen  0.14/turn              z - ring of resist corrosion

@: no status effects
A: no striking features
a: Renounce Religion, Smiting, Recall Orcish Followers


You were on level 11 of the Dungeon.
You worshipped Beogh.
Beogh was greatly pleased with you.
You visited 1 branch of the dungeon, and saw 11 of its levels.

You collected 977 gold pieces.
You spent 15 gold pieces at shops.

Inventory:

Hand Weapons
 a - a +0 vorpal war axe (weapon)
 h - a +1 hand axe of flaming
 F - a +2 hand axe of freezing
Missiles
 b - a throwing net (quivered)
Armour
 c - a +0 kite shield (worn)
 k - a +0 cloak (worn)
 p - a scarf of repulsion
 s - a +0 plate armour (worn)
 B - the +0 robe of Existentialism {rN+ Slay+3 SInv}
   (You found it on level 5 of the Dungeon)

   Slay:      It affects your accuracy & damage with ranged weapons and melee
   (+3).
   rN:        It protects you from negative energy.
   SInv:      It lets you see invisible.
 E - a +0 helmet (worn)
Jewellery
 g - an amulet of faith
 r - a ring of protection from fire
 u - a ring of willpower (left hand)
 y - an amulet of reflection (around neck)
 z - a ring of resist corrosion (right hand)
Wands
 v - a wand of flame (14)
 H - a wand of polymorph (12)
 I - a wand of acid (4)
Scrolls
 f - a scroll of noise
 j - a scroll of vulnerability
 t - 2 scrolls of brand weapon
 w - a scroll of teleportation
 x - a scroll of summoning {unknown}
 C - a scroll of holy word {unknown}
 D - a scroll of torment {unknown}
 G - 2 scrolls of enchant armour
 J - a scroll of immolation {unknown}
 K - a scroll of identify
Potions
 d - 4 potions of might
 e - a potion of haste
 i - 4 potions of flight
 m - a potion of invisibility
 n - 3 potions of magic
 o - a potion of brilliance
 q - a potion of curing
 A - a potion of mutation


   Skills:
 - Level 5.0 Fighting
 * Level 16.3 Axes
 - Level 5.0 Armour
 + Level 10.8 Shields
 - Level 5.0 Invocations


You had 10 spell levels left.
You didn't know any spells.
Your spell library contained the following spells:

 Spells                   Type           Power      Damage    Failure   Level
 Blink                    Tloc           N/A        N/A       100%        2
 Slow                     Hex            0%         N/A       100%        2
 Static Discharge         Conj/Air       0%         N/A       100%        2
 Call Canine Familiar     Summ           0%         N/A       100%        3
 Confusing Touch          Hex            0%         N/A       100%        3
 Portal Projectile        Hex/Tloc       0%         N/A       100%        3
 Summon Guardian Golem    Hex/Summ       0%         N/A       100%        3
 Leda's Liquefaction      Hex/Erth       0%         N/A       100%        4
 Lightning Bolt           Conj/Air       0%         1d11      100%        5
 Manifold Assault         Tloc           0%         N/A       100%        5
 Summon Mana Viper        Hex/Summ       0%         N/A       100%        5
 Yara's Violent Unravell  Hex/Tmut       0%         3d3       100%        5
 Storm Form               Tmut/Air       0%         N/A       100%        7
 Borgnjor's Revivificati  Necr           0%         N/A       100%        8
 Maxwell's Capacitive Co  Air            0%         ∞         100%        8
 Necromutation            Tmut/Necr      0%         N/A       100%        8
 Death's Door             Necr           0%         N/A       100%        9


Dungeon Overview and Level Annotations

Branches:
Dungeon (11/15)            Temple (0/1) D:4            Lair (0/6) D:10
    Orc: D:9-12

Altars:
Ashenzari
Makhleb
Nemelex Xobeh
Trog
Wu Jian
Zin
The Shining One
Beogh

Shops:
D:2 *   D:6 *   D:7 [

Annotations:
D:8 Psyche


Message History

You hit the acid dragon but do no damage.
The acid dragon is moderately wounded.
You hit the acid dragon.
The acid dragon is heavily wounded.
You block the acid dragon's attack. x2
You hit the acid dragon.
The acid dragon is heavily wounded.
You block the acid dragon's attack.
The acid dragon claws you but does no damage.
You barely miss the acid dragon.
The acid dragon is heavily wounded.
You block the acid dragon's attack.
The acid dragon claws you but does no damage.
You slash the acid dragon!
You kill the acid dragon!
Beogh accepts your kill.
The acid dragon scales are intact enough to wear.
The boulder beetle curls into a ball and begins rolling!
You block the boulder beetle's attack.
The boulder beetle stops rolling and uncurls.
The boulder beetle curls into a ball and begins rolling!
The boulder beetle hits you!!
* * * LOW HITPOINT WARNING * * *
The boulder beetle stops rolling and uncurls.
The boulder beetle curls into a ball and begins rolling!
Okay, then.
You feel much better. You block the boulder beetle's attack.
The boulder beetle stops rolling and uncurls.
The boulder beetle leaps!
The boulder beetle curls into a ball and begins rolling!
An orc comes into view. It is wielding a +0 flail.
The orc shouts!
The orc moves out of view.
Things that are here:
+0 acid dragon scales; an acid dragon corpse An orc comes into view.
It is wielding a +0 short sword.
The orc falls on its knees before you. It asks, "Are you our saviour?"
The boulder beetle hits you!!!
You die...

## #[###...#########.#.# ..
#.......# #.#.# #. ...#.o.##
#†#.# ### #(###.#...# #(#.# .
.. #..:o.#...# ######.#.# #.
#. ..#..H.).# #<.......# #..
#.###.#.###..# #.####.###
#...#B.○..#.°o...# #.# #.#
#.B.○..#..°°.#○B@#####.####.#
#..###°#.###.#...)..........#
#......#.....#....###########
#...#.....#.......# ...
#.###.#....#### .. #.
..#...## . .. #.....## ###
#...... #...#.##


You could see a boulder beetle (rolling, ally target), an orc and a friendly
orc.

Vanquished Creatures
  A wolf spider (D:11)
  A cyclops (D:11)
  4 slime creatures (D:8)
  A vampire (D:10)
  4 yaks
  A wyvern (D:11)
  A basilisk (D:11)
  A steam dragon (D:7)
  An acid dragon (D:11)
  5 water moccasins
  An orc warrior (D:4)
  A sky beast (D:7)
  2 ogres
  5 centaurs
  2 kobold brigands
  A gnoll sergeant (D:8)
  6 bullfrogs
  5 scorpions
  A water moccasin zombie (D:5)
  A water moccasin skeleton (D:6)
  5 killer bees
  3 wights (D:6)
  A bullfrog zombie (D:6)
  4 howler monkeys
  4 centaur zombies
  5 orc priests
  A jelly (D:5)
  2 centaur skeletons
  Ijyb (D:4)
  Terence (D:1)
  7 orc wizards
  Natasha (thrice) (D:2)
  3 iguanas
  A hound skeleton (D:4)
  17 gnolls
  2 howler monkey skeletons
  2 adders
  A shadow imp (D:5)
  An adder zombie (D:5)
  3 dart slugs
  7 orcs
  3 endoplasms
  4 giant cockroaches
  7 goblins
  6 hobgoblins
  4 jackals
  34 kobolds
  3 quokkas
  6 ball pythons
  6 bats
  2 frilled lizards
  A rat (D:3)
195 creatures vanquished.

Vanquished Creatures (collateral kills)
  A centaur warrior (D:10)
  A komodo dragon (D:10)
  A wyvern (D:10)
  A water moccasin (D:10)
  A hornet zombie (D:6)
  5 black bears
  2 killer bees (D:10)
  A centaur zombie (D:9)
  2 bullfrog skeletons (D:6)
  An iguana (D:6)
  An adder (D:6)
  3 orcs
  2 goblins (D:10)
  A kobold (D:10)
23 creatures vanquished.

Vanquished Creatures (others)
  An orc knight (D:10)
  A manticore (D:11)
  3 orc warriors
  A killer bee (D:8)
  2 orc wizards (D:8)
  17 orcs
  A kobold (D:4)
  42 fungi (D:10)
  66 plants
134 creatures vanquished.

Grand Total: 352 creatures vanquished

Notes
Turn   | Place    | Note
-------+----------+-------------------------------------------
     0 | D:1      | MacCMillion the Hill Orc Fighter began the quest for the
                  | Orb.
     0 | D:1      | Reached XP level 1. HP: 19/19 MP: 1/1
   229 | D:1      | Reached skill level 3 in Axes
   253 | D:1      | Reached XP level 2. HP: 27/27 MP: 2/2
   898 | D:2      | Noticed Natasha
   908 | D:1      | Reached XP level 3. HP: 33/33 MP: 3/3
  1087 | D:2      | Killed Natasha
  1088 | D:2      | Reached skill level 4 in Axes
  1088 | D:2      | Reached XP level 4. HP: 29/40 MP: 4/4
  1111 | D:2      | Noticed Natasha
  1118 | D:2      | Killed Natasha
  1240 | D:2      | Noticed Natasha
  1247 | D:2      | Killed Natasha
  1253 | D:2      | Reached XP level 5. HP: 43/47 MP: 5/5
  1342 | D:2      | Found a faded altar of an unknown god.
  1358 | D:2      | Became a worshipper of Beogh the Brigand
  1358 | D:2      | Reached * piety under Beogh
  1361 | D:2      | Noticed Terence
  1381 | D:2      | Found Don Iff's Assorted Antiques.
  1409 | D:1      | Killed Terence
  1853 | D:3      | Reached skill level 5 in Axes
  2107 | D:2      | Reached XP level 6. HP: 41/53 MP: 6/6
  2511 | D:3      | Reached skill level 5 in Fighting
  2577 | D:3      | Reached skill level 6 in Axes
  2590 | D:3      | Reached ** piety under Beogh
  2710 | D:4      | Noticed a water moccasin
  2729 | D:3      | Killed a water moccasin
  2730 | D:3      | Reached XP level 7. HP: 44/61 MP: 7/7
  2883 | D:4      | Found a staircase to the Ecumenical Temple.
  2896 | D:4      | Noticed Ijyb
  2910 | D:4      | Reached skill level 5 in Armour
  2910 | D:4      | Reached skill level 5 in Shields
  2910 | D:4      | Killed Ijyb
  2911 | D:4      | Reached skill level 7 in Axes
  3058 | D:4      | Reached skill level 1 in Invocations
  3081 | D:4      | Found a broken altar of Ashenzari.
  3372 | D:4      | Got the Incunabulum of Fascination
  3497 | D:4      | Reached skill level 8 in Axes
  3497 | D:4      | Reached XP level 8. HP: 62/68 MP: 9/9
  3503 | D:4      | Reached *** piety under Beogh
  4169 | D:5      | Entered Level 5 of the Dungeon
  4270 | D:5      | Identified the +0 robe of Existentialism {rN+ Slay+3 SInv}
  4291 | D:5      | Reached skill level 9 in Axes
  5123 | D:6      | Noticed a yak
  5124 | D:6      | Noticed a yak
  5124 | D:6      | Noticed a yak
  5125 | D:6      | Noticed a yak
  5137 | D:6      | Killed a yak
  5138 | D:6      | Reached skill level 10 in Axes
  5141 | D:6      | Killed a yak
  5142 | D:6      | Reached skill level 5 in Invocations
  5142 | D:6      | Reached XP level 9. HP: 54/74 MP: 12/12
  5355 | D:6      | Reached skill level 11 in Axes
  5574 | D:6      | Found Xeedif's General Store.
  5610 | D:6      | Bought a potion of degeneration for 15 gold pieces
  6245 | D:7      | Found Dukhinua's Antique Armour Shoppe.
  6536 | D:7      | Reached skill level 12 in Axes
  7071 | D:7      | Found a glowing golden altar of the Shining One.
  7078 | D:7      | Found an ornate altar of the Wu Jian Council.
  7133 | D:7      | Found a sparkling altar of Nemelex Xobeh.
  8549 | D:8      | Reached skill level 13 in Axes
  8549 | D:8      | Reached XP level 10. HP: 79/81 MP: 13/13
  8693 | D:8      | Noticed Psyche
  9708 | D:9      | Reached skill level 14 in Axes
  9738 | D:9      | Found a burning altar of Makhleb.
  9742 | D:9      | Found a glowing silver altar of Zin.
  9742 | D:9      | Noticed an angel
  9743 | D:9      | Noticed a balrug
  9897 | D:9      | Found a bloodstained altar of Trog.
 10124 | D:10     | Entered Level 10 of the Dungeon
 10125 | D:10     | Identified a scroll of acquirement
 10125 | D:10     | Acquired 434 gold pieces
 10142 | D:10     | Noticed a centaur warrior
 10150 | D:10     | Killed a centaur warrior
 10210 | D:10     | Found a staircase to the Lair.
 10265 | D:10     | Reached skill level 15 in Axes
 10265 | D:10     | Reached skill level 10 in Shields
 10269 | D:10     | Gained Murdo as an ally
 10294 | D:10     | HP: 2/81 [something (11)]
 10317 | D:10     | Your ally Murdo died
 10668 | D:10     | Reached **** piety under Beogh
 10837 | D:11     | Reached XP level 11. HP: 33/86 MP: 14/14
 11102 | D:11     | Noticed a wolf spider
 11110 | D:11     | Killed a wolf spider
 11117 | D:11     | Noticed a cyclops
 11265 | D:11     | Killed a cyclops
 11393 | D:11     | Noticed a manticore
 11407 | D:11     | Killed a manticore
 11408 | D:11     | Reached skill level 16 in Axes
 11484 | D:11     | Noticed a boulder beetle
 12094 | D:11     | Noticed a boulder beetle
 12129 | D:11     | Mangled by a boulder beetle

Illustrated notes

Levels and vault maps discovered:
D:1:      scummos_arrival_hexagon, layout_loops_ring, grunt_decor_clamped,
          minmay_misc_feat_cross
D:2:      layout_rooms, basic_ecumenical_altar, serial_shops,
          nicolae_shop_trees, uniq_terence, uniq_natasha
D:3:      layout_rooms, minmay_close_crescents
D:4:      kennysheep_kobold_camp, layout_layer_cave, lemuel_round_altar,
          minmay_temple_entry_mini_moons, uniq_ijyb
D:5:      layout_layer_cave, kennysheep_generic_room_15
D:6:      layout_rooms, nicolae_stop_n_shop_1, nicolae_underground_beach
D:7:      layout_loops_ring, amethyst_overflow_temple_binary,
          amcnicky_altar_gilded, serial_shops, nicolae_diamond_shop
D:8:      layout_layer_cave, mainiacjoe_overflow_alcove_2,
          kennysheep_generic_room_8, uniq_psyche
D:9:      layout_small_grid, grunt_temple_overflow_order_and_chaos_2,
          trog_ov_bears_minmay
D:10:     layout_loops_ring, due_lair_maze_entry_diamond, enter_bailey_3
D:11:     hangedman_cross_stitches, layout_loops_ring

Skill      XL: |  1  2  3  4  5  6  7  8  9 10 11 |
---------------+----------------------------------+-----
Axes           | 3 4 5 6 8 10 13 15 16 | 16.3
Fighting       | 4 5 |  5.0
Armour         | 4 5 |  5.0
Shields        | 4 5 6 8 10 | 10.8
Invocations    | 2 5 |  5.0

Action                   |  1- 3 |  4- 6 |  7- 9 | 10-12 || total
-------------------------+-------+-------+-------+-------++-------
Melee: War axe           |    88 |   115 |   184 |   255 ||   642
       Hand axe          |       |       |   214 |    34 ||   248
Invok: Smiting           |       |       |     2 |     3 ||     5
  Use: Scroll            |       |     4 |     6 |     5 ||    15
       Potion            |       |       |     1 |     1 ||     2
 Stab: Distracted        |       |       |     1 |     1 ||     2
Armor: Scale mail        |    52 |    31 |       |       ||    83
       Plate armour      |       |    21 |   184 |   144 ||   349
Dodge: Dodged            |    42 |    29 |    55 |    46 ||   172
Block: Kite shield       |    61 |    79 |   263 |   285 ||   688
       Reflection        |       |       |     8 |    19 ||    27
